 Dungeon Crawl Stone Soup version 0.29-a0-1052-g6990b1bffc (webtiles) character file.

Game seed: 5762737801353832830

1311 drugrobin the Cleaver (level 8, -1/66 HPs)
             Began as a Demigod Delver on Aug 17, 2022.
             Slain by an ogre
             ... wielding a +0 giant club
              (16 damage)
             ... on level 5 of the Dungeon.
             The game lasted 00:21:33 (6509 turns).

drugrobin the Cleaver (Demigod Delver)              Turns: 6509, Time: 00:21:33

Health: -1/66      AC: 12    Str: 21    XL:     8   Next: 10%
Magic:  10/10      EV:  8    Int: 12    God:
Gold:   52         SH:  0    Dex: 15    Spells: 7/7 levels left

rFire   . . .      SeeInvis .   a - +0 hand axe
rCold   . . .      Faith    .   (no shield)
rNeg    . . .      Spirit   .   i - +0 chain mail
rPois   +          Reflect  .   (no helmet)
rElec   .          Harm     .   A - +2 cloak {rPois}
rCorr   .          Rampage  .   (no gloves)
Will    .....                   v - +0 pair of boots
Stlth   ..........              (no amulet)
HPRegen 0.21/turn               (no ring)
MPRegen 0.12/turn               (no ring)

@: no status effects
A: high MP 1, forlorn, divine attributes
a: no special abilities


You were on level 5 of the Dungeon.
You visited 1 branch of the dungeon, and saw 5 of its levels.
You also visited: Sewer.

You collected 130 gold pieces.
You spent 78 gold pieces at shops.

Inventory:

Hand Weapons
 a - a +0 hand axe (weapon)
 b - a +0 battleaxe
 c - a +2 dagger of venom
Missiles
 B - 5 javelins (quivered)
Armour
 i - a +0 chain mail (worn)
 v - a +0 pair of boots (worn)
 w - a +0 leather armour
 A - a +2 cloak of poison resistance (worn)
Magical Staves
 m - a staff of conjuration
Wands
 g - a wand of digging (3)
 E - a wand of charming (9)
Scrolls
 d - a scroll of magic mapping
 e - 2 scrolls of fear
 h - 2 scrolls of teleportation {unknown}
 j - 2 scrolls of vulnerability {unknown}
 k - 5 scrolls of identify
 l - a scroll of noise {unknown}
 n - 4 scrolls of blinking
 o - a scroll of butterflies {unknown}
 q - a scroll of enchant weapon {unknown}
 r - a scroll of immolation {unknown}
 x - a scroll of fog
 y - a scroll of silence {unknown}
 z - a scroll of amnesia {unknown}
Potions
 f - a potion of haste
 p - 3 potions of heal wounds
 s - 2 potions of curing {unknown}
 t - 2 potions of brilliance {unknown}
 u - 2 potions of lignification {unknown}
 C - a potion of degeneration
 D - a potion of berserk rage {unknown}


   Skills:
 + Level 4.3 Fighting
 * Level 8.1 Axes
 - Level 1.7 Dodging
 - Level 4.5 Stealth
 + Level 3.1 Evocations


You had 7 spell levels left.
You didn't know any spells.
Your spell library contained the following spells:

 Spells                   Type           Power      Damage    Failure   Level
 Beastly Appendage        Tmut           0%         N/A       98%         1
 Wereblood                Tmut           0%         N/A       99%         2
 Spider Form              Tmut/Pois      0%         N/A       100%        3


Dungeon Overview and Level Annotations

Branches:
Dungeon (5/15)             Temple (0/1) D:5           Sewer (visited)

Shops:
D:3 !?*

Annotations:
D:4 Duvessa, Eustachio


Innate Abilities, Weirdness & Mutations

You have an increased reservoir of magic. (+10% MP)
You shall have no god before yourself.
Your divine heritage dramatically boosts your attributes as you level up.


Message History

You barely miss the ogre.
The ogre is heavily wounded.
You hit the ogre.
The ogre is severely wounded.
The ogre hits you with a +0 giant club!
Your +2 dagger of venom stops dripping with poison.
a - a +0 hand axe (weapon)
You hit the ogre but do no damage. You punch the ogre, but do no damage.
The ogre is severely wounded.
The ogre barely misses you.
You hit the ogre.
The ogre is severely wounded.
The ogre hits you with a +0 giant club!!
You hit the ogre.
The ogre is severely wounded.
Unknown command.
Unknown command.
The ogre attacks as you move away! The ogre closely misses you.
Found 2 gold pieces.
The ogre looks more healthy.
There is a stone staircase leading up here.
You climb upwards.
Level annotation: Duvessa, Eustachio You hear a shout!
There is a stone staircase leading down here.
You start resting.
You hear a shout! x25
A gnoll comes into view. It is wielding a +0 whip.
Unknown command.
The gnoll shouts!
You hear a shout!
You climb downwards.
The ogre hits you with a +0 giant club!!
* * * LOW HITPOINT WARNING * * *
You hear a shout!
There is a stone staircase leading up, spattered with blood here.
Unknown command.
Unknown command.
The ogre attacks as you move away! The ogre closely misses you.
The ogre attacks as you move away! The ogre hits you with a +0 giant club!
You die...

..#.#.#..# ...#.#...#
## .. ...... ..# .#
#.#..##########.## †#
..#.......#......# .#
#.#.......#......#
.####.#$.##......O...#
......#..##......##O#
.........##.....@##+##
########.######..O...#
..# #...<..#
########......#
#...........##
#.###########
#######.####
#..........#
#.######...#


You could see 2 ogres.

Vanquished Creatures
  Pikel (D:4)
  A black bear (D:5)
  An ogre (D:4)
  2 lemures (D:3)
  2 bullfrogs (Sewer)
  3 scorpions
  Dowan (D:4)
  2 hounds (D:3)
  Crazy Yiuf (D:2)
  Terence (D:1)
  6 adders
  An ufetubus (D:4)
  A worm (D:3)
  2 dart slugs
  7 orcs
  15 endoplasms
  13 giant cockroaches
  9 goblins
  7 hobgoblins
  16 quokkas
  14 ball pythons
  3 bats
  4 frilled lizards
  13 kobolds
  10 rats
136 creatures vanquished.

Vanquished Creatures (others)
  2 fungi (D:2)
  6 plants (D:2)
8 creatures vanquished.

Grand Total: 144 creatures vanquished

Notes
Turn   | Place    | Note
-------+----------+-------------------------------------------
     0 | D:5      | drugrobin the Demigod Delver began the quest for the Orb.
     0 | D:5      | Reached XP level 1. HP: 18/18 MP: 3/3
     7 | D:4      | Noticed a lemure
    99 | D:5      | Noticed a scorpion
    99 | D:5      | Noticed a black bear
   137 | D:5      | Noticed an ogre
   145 | D:4      | Noticed an ogre
   145 | D:4      | Noticed a hound
   150 | D:4      | Noticed a scorpion
   203 | D:4      | Noticed Pikel
   221 | D:4      | Noticed a lemure
   472 | D:4      | Reached skill level 2 in Axes
   703 | D:3      | Reached XP level 2. HP: 14/25 MP: 4/4
   930 | D:3      | Reached skill level 3 in Axes
   952 | D:3      | Found a glowing drain.
   961 | Sewer    | Entered a sewer
  1211 | Sewer    | Reached XP level 3. HP: 28/30 MP: 5/5
  1670 | Sewer    | Reached skill level 4 in Axes
  1963 | Sewer    | Noticed a bullfrog
  1976 | Sewer    | Killed a bullfrog
  1977 | Sewer    | Reached XP level 4. HP: 25/37 MP: 6/6
  2068 | Sewer    | Noticed a bullfrog
  2092 | Sewer    | Killed a bullfrog
  2093 | Sewer    | Reached skill level 5 in Axes
  2093 | Sewer    | Reached XP level 5. HP: 4/42 MP: 7/7
  3625 | D:2      | Noticed Terence
  3648 | D:1      | Killed Terence
  3649 | D:1      | Reached skill level 6 in Axes
  4081 | D:2      | Reached XP level 6. HP: 33/50 MP: 8/8
  4314 | D:2      | Found a runed translucent door.
  4315 | D:2      | Noticed Crazy Yiuf
  4381 | D:2      | Killed Crazy Yiuf
  4688 | D:3      | Found Puytaschi's General Store.
  4692 | D:3      | Bought 6 javelins for 48 gold pieces
  4692 | D:3      | Bought a potion of degeneration for 10 gold pieces
  4692 | D:3      | Bought a scroll of identify for 20 gold pieces
  4756 | D:3      | Found Hussusez's Distillery.
  4847 | D:3      | Found Qigg's Magic Scroll Shoppe.
  5478 | D:4      | Reached skill level 1 in Evocations
  5547 | D:4      | Noticed Dowan
  5575 | D:4      | Killed Dowan
  5576 | D:4      | Reached XP level 7. HP: 57/57 MP: 9/9
  5691 | D:4      | Reached skill level 7 in Axes
  5735 | D:4      | Killed Pikel
  5821 | D:4      | Noticed Duvessa
  6042 | D:4      | Noticed Eustachio
  6317 | D:5      | Reached skill level 8 in Axes
  6317 | D:5      | Reached XP level 8. HP: 54/66 MP: 10/10
  6395 | D:5      | Found a staircase to the Ecumenical Temple.
  6509 | D:5      | Slain by an ogre

Illustrated notes

Levels and vault maps discovered:
D:1:      onia_arrival_handbag, layout_basic,
          shapermc_ecumenical_altar_starsandcircs
D:2:      layout_rooms, lexackson_kobold_supper, uniq_crazy_yiuf_cottage,
          uniq_terence
D:3:      layout_rooms, mainiacjoe_overflow_cross_hatched, serial_corexii_hall,
          corexii_hall_statues_s, corexii_hall_statues_u, serial_shops,
          nicolae_shop_advertising_works [nicolae_subvault_shop_adworks], shop,
          nicolae_shop_temple_entry_statues_fountains,
          cheibrodos_sewer_entry_bend, kennysheep_nondescript,
          amcnicky_mini_rare_corridor_liquid
D:4:      layout_loops_ring, uniq_eustachio, uniq_duvessa, uniq_pikel
D:5:      layout_basic, minmay_temple_entry_grid, ebering_dispersal_statue_hall,
          uniq_ijyb, uniq_edmund

Skill      XL: |  1  2  3  4  5  6  7 |
---------------+----------------------+-----
Axes           | 2 3 4 5 6 8 |  8.1
Fighting       | 3 4 |  4.3
Evocations     | 1 3 |  3.1
Dodging        | |  1.7
Stealth        | |  4.5

Action                   |  1- 3 |  4- 6 |  7- 9 || total
-------------------------+-------+-------+-------++-------
Melee: Hand axe          |   191 |   201 |    14 ||   406
       Punch             |     1 |       |     3 ||     4
       Battleaxe         |       |    52 |    17 ||    69
       Dagger            |       |    63 |    38 ||   101
Throw: Throwing net      |     1 |     1 |       ||     2
       Dart              |       |     3 |     1 ||     4
       Javelin           |       |       |     1 ||     1
Evoke: Wand              |       |     6 |       ||     6
  Use: Potion            |     2 |       |     1 ||     3
 Stab: Sleeping          |     2 |       |       ||     2
Armor: Leather armour    |    18 |       |       ||    18
       Chain mail        |    82 |   166 |    58 ||   306
Dodge: Dodged            |    89 |   116 |    43 ||   248

Table legend: (Time is in decaauts)
 A = Elapsed time spent in this place.
 B = Non-inter-level travel time spent in this place.
 C = Inter-level travel time spent in this place.
 D = Time resting spent in this place.
 E = Time spent auto-exploring this place.
 F = Levels seen in this place.
 G = Mean time per level.
                   A        B        C        D        E       F      G
               +--------+--------+--------+--------+--------+-----+--------+
         Total |   6645 |   6493 |    152 |   2418 |   2174 |   6 | 1107.5 |
       Dungeon |   5125 |   4973 |    152 |   1639 |   1855 |   5 | 1025.0 |
         Sewer |   1519 |   1519 |      0 |    779 |    319 |   1 | 1519.0 |
               +--------+--------+--------+--------+--------+-----+--------+

Top non-repeatable levels by time:
   Sewer: 1519 daAuts
     D:3: 1389 daAuts
     D:4: 1359 daAuts
     D:1: 1079 daAuts
     D:2: 816 daAuts
     D:5: 480 daAuts
